cohdb
Replays
Latest Replays
All Replays
Popular Replays
Top Player Replays
Match Explorer
How It Works
Community
CoH3 Stats
Reddit
Sign in to upload your games and track your stats! →
Sign in with Steam
Match 38116466
Unlisted
Match 38116466
Overview
Messages
Build Orders
End
Kradschützen Motorcycle Team
250 Light Carrier
Panzergrenadier Squad
Panzergrenadier Squad
Panzergrenadier Squad
Construct Light Support Kompanie
Fire Support Elements
Flakvierling Half-track
2.5-tonne Medical Truck
MG34 Team
Panzergrenadier Squad
2.5-tonne Medical Truck
Construct Mechanized Kompanie
StuG III D Assault Gun
Marder III Tank Destroyer
18-tonne Recovery Half-track
Construct Panzerarmee Kommand
MG34 Team
legion_66
Kelish
皮諾可這個直接電死
皮皮
HIBBLE
Thomas Shelby
幼稚也可爱
Let me in
0
0
Comments
sign in to comment!
No comments posted yet!